[Event "*** Titled Tuesday Blitz"]
[Site "Chess.com"]
[Date "2020.12.01"]
[Round "8"]
[White "profofchess"]
[Black "maheswaran26"]
[Result "1-0"]
[WhiteElo "2434"]
[BlackElo "2210"]
[TimeControl "180+1"]
[EndTime "11:28:21 PST"]
[Termination "profofchess won on time"]

1. e4 c5 2. Nf3 e6 3. c3 Nf6 4.
Bd3 d5 5. e5 Nfd7 6. Bc2 d4 7. O-O Nc6 8. Ba4 Qb6 9. Bxc6 Qxc6 10.
cxd4 cxd4 11. Nxd4 Qd5 12. Nf3 Nxe5 13. Nxe5 Qxe5 14.
d4 Qa5 15. Nc3 Be7 16. d5 exd5 17. Nxd5 Be6 18. Nxe7 Kxe7 19. Qf3 Qd5 20. Qg3 Rhc8 21. b3 Kf8 22. Bb2 f6 23. Rad1 Qf5 24. Rfe1 Kg8 25.
Rd6 Re8 26. h4 Bd5 27. Rd1 Be6 28. h5 Qxh5 29. Bxf6 Qg4 30. Bb2 Qxg3 31. fxg3 Bg4 32. R1d4 h5 33. Rg6 Re7 34. Rc4 Rd7 35. Rc5 Re8 36.
Rcg5 Re1+ 37. Kh2 Rdd1 38. Rxg7+ Kf8 39. Rg8+ Ke7 40. R5g7+ Kd6 41. Rd8+ Kc6 42. Rxd1 Rxd1 43. Rg6+ Kd7 44. Rg7+ Ke6 45. Rxb7 Rd2 46. Bc3 Bf3 47. Rxa7 Rxg2+ 48. Kh3 Rc2 49. Bd4 Bg4+ 50. Kh4 Kf5 51. Ra5+ Ke4 52. Bb6 Rh2+ 53. Kg5 Rc2 54. Ra4+ Kd3 55. Ba7 Rg2 56. Bb8 Kc3 57. Ra7 Kb2 58.
b4 Kb1 59. b5 Rxa2 60. Re7 Rb2 61. Re5 Ka2 62. Bc7 Ka3 63. b6 Ka4 64. Rd5 Bf3 65. Re5 1-0

[Event "*** Titled Tuesday Blitz"]
[Site "Chess.com"]
[Date "2020.12.01"]
[Round "8"]
[White "wonderfultime"]
[Black "ENajer77"]
[Result "1-0"]
[WhiteElo "2929"]
[BlackElo "2683"]
[TimeControl "180+1"]
[EndTime "11:28:29 PST"]
[Termination "wonderfultime won on time"]

1. e4 c6 2. Nc3 d5 3. d4 dxe4 4. Nxe4 Bf5 5. Qf3 e6 6. Ne2 Nd7 7. N2g3 Bg6 8. h4 h6 9. Bd3 Bxe4 10. Nxe4 Ngf6 11. c3 Be7 12. Bf4 Nxe4 13. Qxe4 Nf6 14.
Qe2 Nd5 15. Bd2 Bxh4 16. Qg4 Bf6 17. O-O-O Qb6 18. f4 O-O-O 19. f5 exf5 20. Qxf5+ Kb8 21. Rhe1 a6 22. Bc4 Qc7 23. Kb1 Ka7 24. Bb3 Qd7 25. Qh5 g6 26. Qf3 Bg5 27. Bxg5 hxg5 28. c4 Nf4 29. d5 cxd5 30. cxd5 f5 31. g3 Nh5 32. Qe3+ Ka8 33. Qxg5 Qd6 34. Re3 Rhe8 35. Red3 Re4 36. Qd2 Nxg3 37. Qg2 Rg4 38. Rc1 Ne4 39.
Qc2 Rg3 40. Rd4 Qb6 41. Rc4 Ka7 42. Rc7 Nd6 43. Rg7 g5 44. Ka1 f4 45. Rg6 Qd4 46.
Qc7 Rg2 47. Rb1 Qb6 48. Qc3 Rc8 49. Qf6 Rd8 50. Qe7 Re8 51. Qxd6 Qxd6 52. Rxd6 f3 53. Rf6 g4 54. Bc4 Re4 55. Bf1 Rd2 56. d6 Red4 57.
Rg6 f2 58. a3 Kb6 59. Ka2 Kc5 60. d7 Rxd7 61. Rxg4 Kb6 62. Rf4 Ka7 63. Rf6 Re7 64. Bg2 Re1 65. Rf3 Rg1 66. Bf1 Kb6 67. Rc1 Ka7 68.
Rf7 Rh1 69. Bg2 Rxc1 70. Rxb7+ Ka8 71. Rb4+ Ka7 72. Rb7+ Ka8 73. Rc7+ 1-0

[Event "*** Titled Tuesday Blitz"]
[Site "Chess.com"]
[Date "2020.12.01"]
[Round "8"]
[White "arjwezhrtdrz"]
[Black "SlovenskiZmaj"]
[Result "0-1"]
[WhiteElo "2319"]
[BlackElo "2451"]
[TimeControl "180+1"]
[EndTime "11:28:30 PST"]
[Termination "SlovenskiZmaj won by resignation"]

1. e4 d6 2. d4 Nf6 3. Nc3 e5 4. dxe5 dxe5 5. Qxd8+ Kxd8 6. Bc4 Ke8 7. Be3 a6 8. a3 Nbd7 9. f3 b5 10. Ba2 Bb7 11. Nge2 Bc5 12. Bxc5 Nxc5 13. g4 g6 14. h4 Rd8 15. Rd1 Ke7 16. Kf2 c6 17. Ke3 h5 18. g5 Nfd7 19. Rd2 Nb6 20. Rhd1 Rxd2 21. Rxd2 Ne6 22. Bxe6 Kxe6 23. b3 a5 24. f4 exf4+ 25. Nxf4+ Ke7 26. Nd3 Nd7 27. Rf2 Rf8 28.
e5 Ke6 29. Ne4 Bc8 30. Kd4 Rd8 31. Nec5+ Ke7 32. Nxd7 Bxd7 33. Kc5 Be8 34. b4 Rd5+ 35.
Kb6 axb4 36. axb4 Rd4 37. Rf4 Rd5 38. Rf6 Rd4 39. Rf4 Rd5 40. Kc7 Rd7+ 41. Kc8 Ra7 42. Nc5 Ra2 43. c4 Re2 44. cxb5 cxb5 45. Re4 Rg2 46. Kc7 Rg4 47. Kb6 Bd7 48. Re1 Rxh4 49.
Ra1 Be8 50. Ra7+ Kf8 51. Ra8 Ke7 52. Ra7+ Kf8 53. Ra8 Rxb4 54. Nb7 Ke7 55. Nd6 Bd7 56. Ra7 h4 57. Ra8 h3 58. Rh8 Rg4 59. Kc5 Rxg5 60. Kd4 f6 61. exf6+ Kxd6 62. f7 Rf5 63. f8=Q+ Rxf8 64.
Rxf8 Be6 65. Rh8 g5 66. Kc3 Kc5 67. Kd3 b4 68. Ke3 g4 69. Kf4 b3 70. Kg3 Kd4 71. Rd8+ Bd5 72. Rb8 Be6 73. Rb6 Bf5 74. Rb4+ Kc3 75. Rb5 b2 76. Rc5+ Kd4 77. Rc7 b1=Q 78.
Rc4+ 0-1

[Event "*** Titled Tuesday Blitz"]
[Site "Chess.com"]
[Date "2020.12.01"]
[Round "8"]
[White "ftorodent"]
[Black "snowlord"]
[Result "1-0"]
[WhiteElo "2645"]
[BlackElo "2799"]
[TimeControl "180+1"]
[EndTime "11:28:31 PST"]
[Termination "ftorodent won by resignation"]

1. d4 Nf6 2. c4 g6 3. Nf3 Bg7 4.
Nc3 O-O 5. e4 d6 6. Be2 e5 7.
Be3 exd4 8. Nxd4 Re8 9. f3 c6 10. O-O d5 11. cxd5 cxd5 12. Qd2 dxe4 13. Rad1 exf3 14.
Bxf3 Ng4 15. Bf4 Ne5 16. Bd5 Nbc6 17. Nxc6 bxc6 18. Bxe5 cxd5 19. Bxg7 Kxg7 20. Qd4+ f6 21. Nxd5 Bb7 22. Nxf6 Qxd4+ 23. Rxd4 Re7 24. Rd2 Ba6 25.
Nd5 Re5 26. Rfd1 Rd8 27. Nc3 Rxd2 28. Rxd2 Re7 29. Rd6 Bb7 30. Kf2 Rf7+ 31. Kg3 Re7 32. Kf2 Rf7+ 33. Kg3 Re7 34. h4 a5 35. Rb6 Kh6 36.
Rb5 a4 37. Nxa4 Bc6 38. Rb4 Re2 39. Nc3 Rxg2+ 40. Kf4 Kh5 41. Rb6 Ba8 42. Rb8 Bc6 43. Rb6 Ba8 44. Ra6 Bb7 45. Ra7 Rxb2 46. a4 Kxh4 47.
a5 g5+ 48. Ke5 h5 49. a6 Bf3 50. Rf7 g4 51. a7 Bg2 52. Rf5 Rb3 53. Kd4 Ra3 54. Nb5 Ra4+ 55. Kc5 Ra1 56. Rf2 Kg3 57. Rb2 h4 58. Rb3+ Bf3 59. Na3 Rc1+ 60. Nc4 Ra1 61. Na3 Rc1+ 62. Nc4 h3 63. a8=Q h2 64. Qb8+ Kh3 65.
Rxf3+ gxf3 66. Qh8+ Kg2 67. Qg7+ Kh3 68. Qh6+ Kg2 69.
Qg5+ Kh3 70. Qxc1 Kg2 71. Ne3+ Kf2 72. Qf1+ Kg3 73. Kd4 f2 74. Qg2+ Kf4 75. Qxf2+ 1-0

[Event "*** Titled Tuesday Blitz"]
[Site "Chess.com"]
[Date "2020.12.01"]
[Round "8"]
[White "Jospem"]
[Black "BillieKimbah"]
[Result "1/2-1/2"]
[WhiteElo "2967"]
[BlackElo "2859"]
[TimeControl "180+1"]
[EndTime "11:28:35 PST"]
[Termination "Game drawn by repetition"]

1. e4 e5 2. Nf3 Nc6 3. Bb5 a6 4.
Ba4 Nf6 5. O-O Bc5 6. c3 b5 7.
Bc2 d5 8. exd5 Qxd5 9. d3 O-O 10.
Nbd2 h6 11. h3 Bb7 12. b4 Bb6 13. a4 Qd6 14. Ne4 Nxe4 15. dxe4 Qf6 16. Qe2 bxa4 17. Be3 a5 18. b5 Nd8 19. Rxa4 Ne6 20. Bb3 Nf4 21.
Bxf4 Qxf4 22. Kh1 Rad8 23. g3 Qf6 24. Kg2 Rd6 25. Rd1 Rxd1 26. Qxd1 Rd8 27. Qe2 Qe7 28. Ra2 Qc5 29. Bc4 g6 30. Bd5 Bxd5 31. exd5 Rxd5 32. c4 Rd8 33. Qxe5 Qxc4 34. Rb2 Rd5 35. Qf6 Rf5 36. Qe7 Kg7 37. Rd2 Qxb5 38. Qe4 Qb4 39. Qd3 Qc5 40. g4 Rf4 41. Rc2 Qd6 42. Qc3+ Qf6 43. Qd3 h5 44. g5 Qf5 45. Qc3+ Kg8 46. Rd2 Kh7 47. Rd8 f6 48. Re8 Re4 49. Rxe4 Qxe4 50.
gxf6 Kg8 51. Qb3+ Kf8 52. Kf1 a4 53. Qa3+ c5 54. Qc3 Qb1+ 55. Kg2 Qe4 56. Kf1 c4 57.
Ne5 Qb1+ 58. Kg2 Qe4+ 59. Kf1 Qb1+ 60. Kg2 Qe4+ 61. Kg1 Qb1+ 62. Kh2 Bc7 63. f4 Qa2+ 64. Kh1 Qb3 65. Qd4 Qxh3+ 66. Kg1 Qg3+ 67. Kh1 Qh3+ 68. Kg1 Qg3+ 69. Kh1 Qe1+ 70. Kg2 Qe2+ 71. Kh1 Qf1+ 72. Kh2 Qe2+ 73. Kh1 Bxe5 74. fxe5 Qe1+ 75. Kg2 Qe2+ 76. Kh1 Qf3+ 77. Kh2 Qe2+ 78. Kh1 1/2-1/2

[Event "*** Titled Tuesday Blitz"]
[Site "Chess.com"]
[Date "2020.12.01"]
[Round "8"]
[White "Karacsonyi_Gellert"]
[Black "Beca95"]
[Result "1-0"]
[WhiteElo "2684"]
[BlackElo "2881"]
[TimeControl "180+1"]
[EndTime "11:28:35 PST"]
[Termination "Karacsonyi_Gellert won on time"]

1. e4 c5 2. Nf3 d6 3. d4 cxd4 4. Nxd4 Nf6 5. Nc3 a6 6. Bc4 e6 7. O-O Qc7 8. Bb3 b5 9. Qf3 Bb7 10. Re1 Nbd7 11. Bg5 h6 12. Bh4 g5 13. Bg3 Be7 14. Rad1 Ne5 15. Qe2 Bc8 16. h3 Bd7 17.
Nf3 b4 18. Nb1 Bb5 19. Qe3 Nh5 20. Bh2 Rg8 21. Nbd2 a5 22. a4 Bd7 23. Nxe5 dxe5 24. Nc4 Nf4 25. Bxf4 gxf4 26. Qb6 Qxb6 27. Nxb6 Rd8 28.
Nxd7 Rxd7 29. Rxd7 Kxd7 30. Rd1+ Kc7 31. f3 Bc5+ 32. Kf1 Bd4 33. c3 bxc3 34. bxc3 Be3 35.
Bc4 Kb6 36. Bb5 Rc8 37. Rd6+ Kc5 38. Rd7 Bd2 39. Rxf7 Bxc3 40. Re7 Kb4 41. Rxe6 Bd4 42.
Rc6 Rd8 43. Rc4+ Kb3 44. Rc7 Kb4 45. Rc4+ Ka3 46. Rc6 Kb3 47. Rxh6 Be3 48. Rg6 Rd1+ 49. Ke2 Rd2+ 50. Ke1 Rb2 51. Be2 Kxa4 52. h4 Rb1+ 53. Bd1+ Ka3 54. h5 Rb8 55. h6 Rh8 56. Ra6 Kb4 57. Ke2 Bc5 58. Bc2 Bf8 59. Rb6+ Kc3 60.
Rc6+ Kb2 61. Kd3 Bxh6 62. Rb6+ Ka3 63. Rb3+ Ka2 64. Rb5 Ra8 65. Rxe5 a4 66. Re6 Bf8 67. e5 a3 68. Rb6 Bc5 69. Rb5 Rc8 70. Ke4 Ba7 71.
Bb3+ Ka1 72. Bd5 a2 73. Kxf4 Rd8 74. Bxa2 Kxa2 75. Ra5+ Kb3 76. Rxa7 Re8 77. Ke4 1-0

[Event "*** Titled Tuesday Blitz"]
[Site "Chess.com"]
[Date "2020.12.01"]
[Round "8"]
[White "Rsnr"]
[Black "ChessWarrior7197"]
[Result "1/2-1/2"]
[WhiteElo "2797"]
[BlackElo "2972"]
[TimeControl "180+1"]
[EndTime "11:28:40 PST"]
[Termination "Game drawn by agreement"]

1. Nf3 d5 2. d4 Nf6 3. c4 e6 4.
e3 a6 5. b3 c5 6. cxd5 exd5 7.
Be2 Nc6 8. O-O cxd4 9. Nxd4 Bd6 10. Bb2 O-O 11. Nd2 Bc7 12. Re1 Qd6 13. Nf1 Bd7 14. Rc1 Rfe8 15. Nxc6 bxc6 16. Qd4 a5 17. Red1 a4 18.
Bf3 axb3 19. axb3 Reb8 20. Qc3 Ra2 21. e4 Ba5 22. Qc2 Qb4 23. exd5 cxd5 24. Qb1 Qxb3 25. Bxf6 Qxb1 26. Rxb1 Rxb1 27. Rxb1 gxf6 28. Bxd5 Ra3 29.
Ne3 Be6 30. Nc4 Ra4 31. Bxe6 fxe6 32. Nxa5 Rxa5 33. g3 Kf7 34. Rb7+ Kg6 35. Re7 e5 36. Kg2 Ra2 37. h4 h5 38. Kf3 Kf5 39. Re8 Ra3+ 40. Kg2 Ra2 41. Kf3 Rb2 42. Re7 Kg6 43. Re8 Rb5 44.
Rg8+ Kh7 45. Re8 Kg7 46. Re7+ Kg6 47. Re8 f5 48. Re6+ Kg7 49. Ra6 Rb3+ 50. Ke2 Rb2+ 51.
Kf3 e4+ 52. Ke3 Rb3+ 53. Ke2 f4 54. gxf4 Rf3 55. Ra5 Kh6 56. Rf5 Rh3 57. Re5 Rxh4 58. Re6+ Kg7 59. Rxe4 Rh3 60. Kf1 Kf6 61. Kg2 Rb3 62. Re5 Kg6 63. Rg5+ Kh6 64. f3 Rb2+ 65. Kg3 Rb1 66. Ra5 Rg1+ 67. Kh2 Rf1 68. Kg2 Rc1 69.
Ra6+ Kg7 70. Kg3 Rc4 71. f5 h4+ 72. Kh3 Rf4 73. Rg6+ Kf7 74. Rg4 Rxf3+ 75. Kxh4 Rxf5 76. Rg5 Rf1 77. Rg4 Kf6 78. Kg3 Kf5 79. Ra4 Rb1 80.
Kf3 Rb3+ 81. Ke2 Ke5 82. Ra5+ Kd4 83. Ra4+ Kc3 84. Rf4 Rb2+ 85. Kf3 Rb1 86. Kg4 Rg1+ 87. Kf5 Kd3 88. Rg4 Rf1+ 89. Ke5 Ra1 90. Rd4+ Kc3 91.
Rd5 Re1+ 92. Kd6 Kc4 93. Re5 Rd1+ 94. Ke6 1/2-1/2

[Event "*** Titled Tuesday Blitz"]
[Site "Chess.com"]
[Date "2020.12.01"]
[Round "8"]
[White "FairChess_on_YouTube"]
[Black "rasmussvane"]
[Result "0-1"]
[WhiteElo "2996"]
[BlackElo "2906"]
[TimeControl "180+1"]
[EndTime "11:28:49 PST"]
[Termination "rasmussvane won on time"]

1. e4 c6 2. Nf3 d5 3. d3 dxe4 4. dxe4 Qxd1+ 5. Kxd1 Nf6 6. Nfd2 h5 7. f3 g5 8. a4 g4 9. a5 Bh6 10. Nb3 Bxc1 11.
Kxc1 h4 12. Ra4 Rh5 13. f4 e5 14. f5 Nbd7 15. N1d2 Rb8 16. Be2 Rg5 17. Rd1 Ke7 18. c3 Ne8 19. Nc4 b5 20. axb6 axb6 21. Ra7 Rb7 22. Rxb7 Bxb7 23. Bxg4 c5 24. Bf3 b5 25. Rxd7+ Kxd7 26. Nxe5+ Ke7 27. Nxc5 Ba8 28. Ned3 Kd8 29. Kd2 Nd6 30. Ke3 Nc4+ 31. Kf4 Rg8 32. Ne5 Ke7 33. Nxc4 bxc4 34. b4 cxb3 35. Nxb3 Rc8 36. Nd4 Rxc3 37. e5 Bxf3 38. f6+ Kd7 39. Nxf3 Rc4+ 40. Kf5 Ra4 41. Kg5 Ke6 42. h3 Rb4 43. Nxh4 Kxe5 44. Nf3+ Ke6 45. g4 Rb5+ 46. Kh6 Kxf6 47. h4 Rb3 48. Ng5 Rb4 49. Kh5 Kg7 50. Nf3 Rb3 51. Ng5 Rb6 52. Nf3 Rh6+ 53. Kg5 f6+ 54. Kf4 Rh8 55. h5 Rb8 56.
Nh4 Rb4+ 57. Kg3 Kh6 58. Nf3 Ra4 59. Kh3 Rc4 60. Kg3 Rb4 61. Nh4 Ra4 62. Nf3 f5 63. gxf5 Kxh5 64. f6 Kg6 65. f7 Kxf7 66. Ne5+ Ke6 67.
Ng4 Kf5 68. Ne3+ Ke4 69. Ng4 Ra3+ 70. Kg2 Kf4 71. Nf2 Ra2 72. Kg1 Kf3 73. Nd3 Ke2 74. Nf4+ Ke3 75. Ng2+ Kf3 76. Nh4+ Kg3 77. Nf5+ Kf4 78.
Nd4 Rd2 79. Ne6+ Kf5 80. Nc5 Rd5 81. Nb3 Rd3 82. Na5 Rc3 0-1

[Event "*** Titled Tuesday Blitz"]
[Site "Chess.com"]
[Date "2020.12.01"]
[Round "8"]
[White "LionTheLeon_06"]
[Black "theturtlemoves"]
[Result "0-1"]
[WhiteElo "2604"]
[BlackElo "2418"]
[TimeControl "180+1"]
[EndTime "11:28:50 PST"]
[Termination "theturtlemoves won on time"]

1. c4 e5 2. Nc3 Nf6 3. g3 d5 4. cxd5 Nxd5 5. Bg2 Nb6 6. Nf3 Nc6 7. O-O Be7 8. d3 O-O 9. Be3 Re8 10. Rc1 Bf8 11. Nd2 Nd4 12. Nb3 Nxb3 13. Qxb3 c6 14. Ne4 Be6 15.
Qc2 Nd5 16. Bc5 Nb4 17. Bxb4 Bxb4 18. a3 Bf8 19. Nc5 Qb6 20. Nxe6 Rxe6 21. Bf3 a5 22. Qa4 Rd8 23. Kg2 Rd4 24. Qc2 Qd8 25. Rfd1 Rh6 26. e3 Rdd6 27. Kg1 Kh8 28. Rb1 Qd7 29. Bg2 f5 30. b4 axb4 31. axb4 f4 32. exf4 exf4 33. b5 f3 34. Bxf3 Qh3 35. bxc6 Qxh2+ 36. Kf1 bxc6 37. Rb8 Rhf6 38. Qe2 Qh3+ 39. Kg1 Qf5 40. Be4 Qc5 41. Kg2 Rde6 42. Rh1 h6 43. Rf1 Qd6 44. Ra8 Re5 45.
Qg4 Rg5 46. Qh3 Qe7 47. Rc8 Qf7 48. Rxc6 Bc5 49. Rxf6 Qxf6 50. Qc8+ Bf8 51. Qc6 Qd4 52. Qd5 Qxd5 53. Bxd5 Rxd5 54. Rd1 Rd8 55. Kf3 Bd6 56.
Ke4 g6 57. f4 Kg7 58. d4 Kf6 59. Rb1 Be7 60. Rb6+ Rd6 61. Rb7 Re6+ 62. Kd3 h5 63. d5 Ra6 64. Kc4 Ra4+ 65. Kd3 Ra3+ 66. Ke4 Rxg3 67. Rb6+ Kf7 68. d6 Bf6 69. Kd5 Rd3+ 70. Kc6 h4 71. Rb8 h3 72. Rb1 Ke6 73. Re1+ Kf5 74.
Rh1 Kxf4 75. d7 Kg3 76. Rf1 Bh4 0-1

[Event "*** Titled Tuesday Blitz"]
[Site "Chess.com"]
[Date "2020.12.01"]
[Round "8"]
[White "davidkalashian"]
[Black "Sam_ChessMood"]
[Result "1-0"]
[WhiteElo "2587"]
[BlackElo "2817"]
[TimeControl "180+1"]
[EndTime "11:28:53 PST"]
[Termination "davidkalashian won on time"]

1. d4 Nf6 2. c4 e6 3. Nf3 d5 4.
Nc3 c5 5. cxd5 exd5 6. g3 Nc6 7. Bg2 cxd4 8. Nxd4 Bc5 9. Nb3 Bb6 10. O-O d4 11. Nb5 O-O 12. Bf4 a6 13. Nd6 Bc7 14. Nxd4 Nxd4 15.
Qxd4 Nh5 16. Be5 Nf6 17. Nxc8 Bxe5 18. Qxe5 Qxc8 19. Rac1 Qb8 20. Qxb8 Raxb8 21. Rfd1 h5 22. e3 a5 23. Rd6 b5 24. Bf3 Rfc8 25. Rcc6 Rxc6 26.
Rxc6 Kf8 27. h4 Ke7 28. b3 g6 29. Ra6 a4 30. bxa4 bxa4 31. Rxa4 Rb2 32. Ra7+ Ke6 33. Kg2 Ne8 34. Bd1 Nd6 35. Bb3+ Ke5 36. Kf3 Kf6 37. Rd7 Rd2 38. Bxf7 Ke5 39. Bb3 Rb2 40.
Re7+ Kf5 41. Re6 Nf7 42. Rb6 Ne5+ 43. Kg2 Nd3 44. Be6+ Ke5 45. Rxb2 Nxb2 46. Bb3 Nd3 47. Kf3 Nb4 48. Ke2 Kf6 49. f3 g5 50. e4 gxh4 51.
gxh4 Ke5 52. Ke3 Nc6 53. f4+ Kf6 54. e5+ Kf5 55. Bd1 Nb4 56. a3 Nd5+ 57. Kd4 Nxf4 58. a4 Ne6+ 59. Kd5 Nc7+ 60. Kd6 Ne8+ 61. Kd7 Ng7 62.
a5 Ne6 63. a6 Nc5+ 64. Kd6 Nxa6 65. Bxh5 Nc5 66. Bf3 Nd3 67. e6 Ne5 68. Be4+ Kf6 69. e7 Nf7+ 70. Kd7 Ne5+ 71. Kd8 Nf7+ 72. Ke8 Ne5 73. Kf8 Nd7+ 74. Ke8 Ne5 75. h5 Kg7 76. h6+ Kxh6 77. Kf8 1-0

[Event "*** Titled Tuesday Blitz"]
[Site "Chess.com"]
[Date "2020.12.01"]
[Round "8"]
[White "frederiksvane"]
[Black "InitiatingASC"]
[Result "1/2-1/2"]
[WhiteElo "2699"]
[BlackElo "2424"]
[TimeControl "180+1"]
[EndTime "11:29:31 PST"]
[Termination "Game drawn by stalemate"]

1. e4 c5 2. Nf3 Nc6 3. Bb5 Nf6 4. Bxc6 dxc6 5. d3 g6 6. O-O Bg7 7. h3 O-O 8. a4 Ne8 9. Be3 Bxb2 10. Nbd2 b6 11. Nc4 Bg7 12. Rb1 Nd6 13. Nce5 Qc7 14. Ng4 Bxg4 15. hxg4 c4 16. e5 Nb7 17. dxc4 Bxe5 18.
Nxe5 Qxe5 19. Qd7 Nd6 20. Rfe1 Rfd8 21. Qxc6 Rac8 22. Qd5 Qxd5 23. cxd5 Rxc2 24. a5 bxa5 25. Bxa7 Kf8 26. Ra1 Ra8 27. Rxa5 Nc8 28. Rea1 Rd2 29.
Be3 Rd1+ 30. Rxd1 Rxa5 31. Kh2 Ke8 32. Kg3 Nd6 33. Bf4 Kd7 34. f3 f6 35. Rh1 Rxd5 36.
Rxh7 g5 37. Bc1 Rd3 38. Bb2 Rb3 39. Ba1 Ne4+ 40. Kh2 Ra3 41. Bd4 Rd3 42. Bb2 Rb3 43.
Ba1 Ra3 44. Bd4 Rd3 45. Bb2 Rb3 46. Bc1 Nd6 47. Rh8 Rc3 48. Bd2 Rc2 49. Be3 Ke6 50.
Ra8 Nc4 51. Ra6+ Kf7 52. Bg1 Ne5 53. Kg3 Rb2 54. Bd4 Re2 55. Ra7 Ng6 56. Rb7 Re6 57. Rb2 Nf4 58. Bf2 Ne2+ 59. Kh2 Nf4 60. Bg3 Nd3 61.
Rd2 Ne5 62. Kg1 Ng6 63. Kf2 Rc6 64. Re2 Re6 65. Rd2 Ra6 66. Rb2 Re6 67. Bh2 Rc6 68.
Bg3 Re6 69. Kf1 Ne5 70. Bxe5 Rxe5 71. Kf2 Ke6 72. Re2 Rxe2+ 73. Kxe2 Ke5 74. Ke3 Kd5 75.
Kd3 Ke5 76. Ke3 Kd5 77. Kd3 Ke5 78. g3 Kd5 79. Ke3 Ke5 80. f4+ Kd5 81. Kd3 e5 82.
fxe5 fxe5 83. Ke3 e4 84. Ke2 Ke5 85. Ke3 Kd5 86. Ke2 Kd4 87. Kd2 e3+ 88. Ke2 Ke4 89.
Ke1 Kf3 90. Kf1 Kxg3 91. Ke2 Kxg4 92. Kxe3 Kh3 93. Kf2 g4 94. Kg1 g3 95. Kh1 Kh4 96.
Kg2 Kg4 97. Kg1 Kf4 98. Kg2 Kg4 99. Kg1 Kf3 100. Kf1 Ke3 101. Kg2 Kf4 102. Kg1 Kg5 103. Kg2 Kh4 104. Kg1 Kh3 105. Kh1 g2+ 106. Kg1 Kg3 1/2-1/2

[Event "*** Titled Tuesday Blitz"]
[Site "Chess.com"]
[Date "2020.12.01"]
[Round "8"]
[White "Vuk2000"]
[Black "vanyakuba"]
[Result "1-0"]
[WhiteElo "2709"]
[BlackElo "2477"]
[TimeControl "180+1"]
[EndTime "11:30:26 PST"]
[Termination "Vuk2000 won by checkmate"]

1. e4 d5 2. exd5 Qxd5 3. Nc3 Qa5 4. d4 Nf6 5. Nf3 Bg4 6. Bd2 c6 7. Bc4 e6 8. h3 Bh5 9. g4 Bg6 10. Ne5 Nbd7 11. Qe2 Nxe5 12. dxe5 Nd7 13. h4 Qxe5 14. Be3 Bb4 15. O-O-O Bxc3 16. bxc3 O-O-O 17. f4 Qa5 18. f5 exf5 19. h5 f4 20. Bxf4 Rhe8 21. Qf2 Qxc3 22. Qd4 Qxd4 23. Rxd4 Be4 24. Re1 Bd5 25. Rxe8 Rxe8 26. Bxd5 cxd5 27. Rxd5 Re4 28. Rf5 f6 29.
Bd2 Rxg4 30. Rd5 Kc7 31. a3 Kc6 32. Rd3 Ne5 33. Rc3+ Kd7 34. Kb1 Rh4 35. Ka2 Rxh5 36. Rb3 b6 37. a4 Rh4 38. a5 Ra4+ 39. Kb1 Nc4 40. Rd3+ Kc6 41. Bc3 Nxa5 42. Rg3 g6 43. Bxf6 Nc4 44. Rh3 h5 45. Rg3 Nd2+ 46. Kb2 Ne4 47.
Rxg6 Nxf6 48. Rxf6+ Kb5 49. Rf5+ Ka6 50. Rxh5 Rg4 51. Rh7 Rg1 52. Rh5 Rg2 53. Rh4 Rg5 54.
Rf4 Rc5 55. Kb3 Kb5 56. c4+ Ka6 57. Rf7 Re5 58. Kb4 Re4 59. Rg7 Rh4 60. Rf7 Rh1 61. Re7 Rb1+ 62. Ka4 Ra1+ 63. Kb4 Ra5 64. Rd7 Rc5 65.
Re7 Rc6 66. Rd7 Rh6 67. Re7 Rc6 68. Rd7 Rc8 69. Rf7 Rb8 70. Re7 Rb7 71. Re8 Rc7 72. Rb8 Rd7 73. Ka4 Rd4 74. Kb4 Rd1 75. Rg8 Rb1+ 76. Ka4 Ra1+ 77. Kb4 Rb1+ 78. Ka4 Rd1 79. Kb4 Rd8 80. Rg7 Rb8 81. Rf7 Rb7 82. Rf8 Rd7 83. Rb8 Rd4 84. Rf8 Rd7 85. Rb8 Re7 86. Ka4 Rc7 87.
Kb4 Rh7 88. Ka4 Rg7 89. Kb4 Rg4 90. Rd8 b5 91. Rd6+ Kb7 92. Kxb5 Rg5+ 93. Kb4 Rg1 94. Kb5 Rg5+ 95. Kb4 Rg1 96. Rf6 Rg5 97. Re6 Rg4 98. Kb5 Rg5+ 99. c5 a6+ 100. Kc4 Rg4+ 101. Kd5 Rg1 102. Re7+ Kb8 103. Re8+ Kc7 104. Re7+ Kb8 105. Rf7 Rg5+ 106. Kc6 Rg6+ 107. Kd7 Rg1 108. Rf6 Rd1+ 109. Kc6 a5 110. Kb6 Kc8 111. Kc6 Kb8 112. Rf8+ Ka7 113. Rf7+ Kb8 114. Rb7+ Kc8 115. Ra7 Ra1 116. Ra8# 1-0

[Event "*** Titled Tuesday Blitz"]
[Site "Chess.com"]
[Date "2020.12.01"]
[Round "9"]
[White "UCantHandleDenker"]
[Black "chidori_boruto"]
[Result "1/2-1/2"]
[WhiteElo "2537"]
[BlackElo "2679"]
[TimeControl "180+1"]
[EndTime "11:38:06 PST"]
[Termination "Game drawn by agreement"]

1. Nf3 g6 2. c4 Bg7 3. g3 Nf6 4. Nc3 O-O 5. Bg2 d6 6. O-O Nc6 7. d3 e5 8. Rb1 a5 9. a3 Bf5 10. Nd2 Qd7 11. b4 axb4 12. axb4 Bh3 13. b5 Bxg2 14.
Kxg2 Nd4 15. e3 Ne6 1/2-1/2

[Event "*** Titled Tuesday Blitz"]
[Site "Chess.com"]
[Date "2020.12.01"]
[Round "9"]
[White "fyall777"]
[Black "Anna_ChessMate"]
[Result "0-1"]
[WhiteElo "2311"]
[BlackElo "2581"]
[TimeControl "180+1"]
[EndTime "11:38:54 PST"]
[Termination "Anna_ChessMate won by resignation"]

1. e4 c6 2. d4 d5 3. e5 Bf5 4.
Be3 e6 5. c4 Ne7 6. Nc3 Nd7 7.
Nf3 dxc4 8. Bxc4 Nb6 9. Bd3 Nbd5 10. O-O Bxd3 11. Qxd3 Nf5 12. g4 Nh4 13. Ng5 Nxe3 14. Nxf7 Nf3+ 15. Kh1 Qh4 0-1

[Event "*** Titled Tuesday Blitz"]
[Site "Chess.com"]
[Date "2020.12.01"]
[Round "9"]
[White "ybruned"]
[Black "Chamal_Gedgafov"]
[Result "0-1"]
[WhiteElo "2263"]
[BlackElo "2171"]
[TimeControl "180+1"]
[EndTime "11:39:23 PST"]
[Termination "Chamal_Gedgafov won by resignation"]

1. e4 e6 2. d4 d5 3. Nd2 a6 4. Ngf3 c5 5. exd5 exd5 6. dxc5 Bxc5 7. Bd3 Nf6 8. O-O O-O 9. Nb3 Bb6 10. Bg5 Bg4 11. c3 Nc6 12. h3 Bh5 13. Re1 h6 14. Bh4 Qd6 15. Bg3 Qxg3 16. Nbd4 Qc7 17. Qd2 Nxd4 18.
Nxd4 Rfe8 19. a4 Ne4 20. Bxe4 dxe4 21. a5 Ba7 0-1

[Event "*** Titled Tuesday Blitz"]
[Site "Chess.com"]
[Date "2020.12.01"]
[Round "9"]
[White "KetiGrant"]
[Black "DarZay"]
[Result "1-0"]
[WhiteElo "2375"]
[BlackElo "2167"]
[TimeControl "180+1"]
[EndTime "11:39:24 PST"]
[Termination "KetiGrant won by resignation"]

1. e4 c5 2. Nf3 d6 3. d4 cxd4 4. Nxd4 Nf6 5. Nc3 Nc6 6. Bg5 Bd7 7. f4 h6 8. Bxf6 gxf6 9. Qd2 Qb6 10. Nb3 O-O-O 11. Nd5 1-0

[Event "*** Titled Tuesday Blitz"]
[Site "Chess.com"]
[Date "2020.12.01"]
[Round "9"]
[White "MikeSailer"]
[Black "KventinKarantino"]
[Result "1-0"]
[WhiteElo "2164"]
[BlackElo "2283"]
[TimeControl "180+1"]
[EndTime "11:39:50 PST"]
[Termination "MikeSailer won by resignation"]

1. d4 d5 2. Nf3 Nf6 3. Bf4 c5 4. e3 Nc6 5. Nc3 e6 6. Nb5 e5 7. dxe5 Ne4 8. e6 Bd6 9. exf7+ Kxf7 10. Qxd5+ Be6 11. Nxd6+ Nxd6 12. Qxd6 Qa5+ 13. Qd2 Nb4 14. Ng5+ Kf6 15. Qc3+ Kg6 16. Bd3+ Nxd3+ 17. cxd3 1-0

[Event "*** Titled Tuesday Blitz"]
[Site "Chess.com"]
[Date "2020.12.01"]
[Round "9"]
[White "Euwe1234"]
[Black "DrVelja"]
[Result "0-1"]
[WhiteElo "2578"]
[BlackElo "2805"]
[TimeControl "180+1"]
[EndTime "11:40:00 PST"]
[Termination "DrVelja won by resignation"]

1. e4 c5 2. Nf3 Nc6 3. Bb5 g6 4. O-O Bg7 5. c3 e5 6. Bxc6 dxc6 7. d3 Ne7 8. Be3 b6 9. h3 f5 10. Qc2 O-O 11. a4 h6 12. Nbd2 f4 13. Nc4 fxe3 14.
fxe3 Qc7 15. d4 exd4 16. exd4 Ba6 17. Qb3 Kh7 18. Rfe1 Rxf3 0-1

[Event "*** Titled Tuesday Blitz"]
[Site "Chess.com"]
[Date "2020.12.01"]
[Round "9"]
[White "xamax2000"]
[Black "Rital44"]
[Result "1-0"]
[WhiteElo "2656"]
[BlackElo "2464"]
[TimeControl "180+1"]
[EndTime "11:40:03 PST"]
[Termination "xamax2000 won by resignation"]

1. d4 Nf6 2. c4 g6 3. Nc3 Bg7 4.
e4 d6 5. Be2 O-O 6. Be3 Na6 7.
h3 e5 8. d5 Nc5 9. Qc2 a5 10.
O-O-O c6 11. dxc6 Qb6 12. Rxd6 bxc6 13. Na4 Nxa4 14. Bxb6 Nxb6 15. Rxc6 Nbd7 16. Bf3 a4 17. Ne2 a3 18. b4 Nb6 1-0

[Event "*** Titled Tuesday Blitz"]
[Site "Chess.com"]
[Date "2020.12.01"]
[Round "9"]
[White "DinaBelenkaya"]
[Black "kagg1125"]
[Result "1-0"]
[WhiteElo "2406"]
[BlackElo "2530"]
[TimeControl "180+1"]
[EndTime "11:40:09 PST"]
[Termination "DinaBelenkaya won by resignation"]

1. e4 e5 2. Nf3 Nc6 3. Nc3 Nf6 4. d4 exd4 5. Nxd4 Bb4 6. Nxc6 bxc6 7. Bd3 d5 8. exd5 O-O 9. O-O Bg4 10. Be2 Bxe2 11. Nxe2 cxd5 12. Bg5 c6 13. c3 Bd6 14. Ng3 h6 15. Be3 Bxg3 16. hxg3 a5 17. Bc5 Re8 18. Re1 Ne4 19. Qd4 Qd7 20. a4 Rab8 21. b4 axb4 22. cxb4 Qb7 23. a5 Nxc5 24. Rxe8+ Rxe8 25. Qxc5 Rb8 26. a6 Qa8 27. a7 Rc8 28. b5 1-0